 Dungeon Crawl Stone Soup version 0.23.1 (webtiles) character file.

Game seed: 6182411417344812610

11863 Kairos the Cleaver (level 11, -6/56 HPs)
             Began as a Vine Stalker Fighter on Mar 10, 2019.
             Was a Priest of Uskayaw.
             Splashed by an oklob plant's acid (10 damage)
             ... on level 1 of the Lair of Beasts.
             The game lasted 00:15:27 (8218 turns).

Kairos the Cleaver (Vine Stalker Fighter)           Turns: 8218, Time: 00:15:28

Health: -6/56      AC:  0    Str: 21    XL:     11   Next: 84%
Magic:  0/15       EV: 14    Int: 12    God:    Uskayaw [***...]
Gold:   222        SH: 15    Dex: 15    Spells: 8/11 levels left

rFire    + . .     SeeInvis .   J - +2 hand axe (flame)
rCold    . . .     Gourm    .   c - +0 shield
rNeg     . . .     Faith    .   O - +1 leather armour of Shielding {+Fly rF+ MR- Int+4}
rPois    .         Spirit   +   E - +0 helmet
rElec    .         Reflect  +   k - +0 cloak
rCorr    .         Harm     .   M - +0 pair of gloves
MR       +....                  (no boots)
Stlth    ++++......             e - +4 amulet of reflection
HPRegen  0.58/turn              L - +3 ring of evasion
MPRegen  0.14/turn              u - ring of protection from magic

@: corroded
A: fangs 3, regeneration 1, magic shield, antimagic bite, no potion heal 3, rot
immunity
a: Stomp, Line Pass, Renounce Religion, Evoke Flight


You were on level 1 of the Lair of Beasts.
You worshipped Uskayaw.
Uskayaw was noncommittal.
You were very hungry.

You visited 3 branches of the dungeon, and saw 11 of its levels.

You collected 527 gold pieces.
You spent 305 gold pieces at shops.

Inventory:

Hand Weapons
 a - a +1 war axe
 b - a +2 whip of electrocution
 x - a +1 flail of protection
 J - a +2 hand axe of flaming (weapon)
Missiles
 N - 7 exploding tomahawks (quivered)
Armour
 c - a +0 shield (worn)
 k - a +0 cloak (worn)
 p - a +0 scale mail
 E - a +0 helmet (worn)
 M - a +0 pair of gloves (worn)
 O - the +1 leather armour of Shielding (worn) {+Fly rF+ MR- Int+4}
   (You found it on level 1 of the Lair of Beasts)

   It affects your intelligence (+4).
   It protects you from fire.
   It affects your resistance to hostile enchantments.
   It lets you fly.
Jewellery
 e - a +4 amulet of reflection (around neck)
 g - an uncursed amulet of the acrobat
 u - a ring of protection from magic (right hand)
 v - an uncursed ring of protection from magic
 z - a +3 ring of dexterity
 B - an uncursed ring of protection from magic
 D - an uncursed amulet of magic regeneration
 K - an uncursed ring of protection from magic
 L - a +3 ring of evasion (left hand)
Wands
 m - a wand of clouds (7)
 w - a wand of flame (20)
 P - a wand of enslavement (9)
Scrolls
 j - 7 scrolls of teleportation
 t - a scroll of noise {unknown}
 y - 2 scrolls of amnesia
 A - 2 scrolls of magic mapping
 C - 3 scrolls of enchant weapon
 F - 2 scrolls of identify
 G - 3 scrolls of remove curse
 H - a scroll of brand weapon
 I - a scroll of fear
Potions
 d - 3 potions of might
 h - 2 potions of berserk rage
 i - a potion of flight
 l - 8 potions of curing
 n - a potion of haste
 o - a potion of heal wounds {unknown}
 q - 2 potions of brilliance
 r - a potion of ambrosia {unknown}
 s - a potion of mutation {unknown}
Comestibles
 f - 30 rations


   Skills:
 + Level 5.8 Fighting
 * Level 10.9 Axes
 + Level 5.9 Armour
 + Level 3.1 Dodging
 * Level 8.4 Stealth
 + Level 7.1 Shields
 * Level 0.8 Spellcasting
 * Level 4.3 Invocations


You had 8 spell levels left.
You knew the following spells:

 Your Spells              Type           Power        Failure   Level  Hunger
a - Confuse               Hex            #.......     96%         3    ####...

Your spell library contained the following spells:

 Spells                   Type           Power        Failure   Level  Hunger
 Apportation              Tloc           #.....       69%         1    ##.....
 Beastly Appendage        Tmut           #.....       69%         1    ##.....
 Corona                   Hex            #......      69%         1    ##.....
 Magic Dart               Conj           #...         69%         1    ##.....
 Summon Butterflies       Summ           #.......     69%         1    ##.....
 Summon Small Mammal      Summ           #...         69%         1    ##.....
 Blink                    Tloc           N/A          83%         2    ###....
 Call Imp                 Summ           #.......     83%         2    ###....
 Ensorcelled Hibernation  Hex/Ice        #.....       83%         2    ###....
 Slow                     Hex            #.......     83%         2    ###....
 Sticks to Snakes         Tmut           #.......     83%         2    ###....
 Call Canine Familiar     Summ           #.......     96%         3    ####...
 Conjure Flame            Conj/Fire      #.......     96%         3    ####...
 Dazzling Spray           Conj/Hex       #.....       96%         3    ####...
 Lesser Beckoning         Tloc           #.........   96%         3    ####...
 Mephitic Cloud           Conj/Pois/Air  #.......     96%         3    ####...
 Spider Form              Tmut/Pois      #.........   96%         3    ####...
 Summon Guardian Golem    Hex/Summ       #.......     96%         3    ####...
 Tukima's Dance           Hex            #.......     96%         3    ####...
 Ice Form                 Ice/Tmut       #.......     100%        4    #####..
 Summon Ice Beast         Ice/Summ       #.......     100%        4    #####..
 Summon Lightning Spire   Summ/Air       #.......     100%        4    #####..
 Alistair's Intoxication  Tmut/Pois      #.......     100%        5    ######.
 Blade Hands              Tmut           #.........   100%        5    ######.
 Invisibility             Hex            #.......     100%        6    #######


Dungeon Overview and Level Annotations

Branches:
Dungeon (9/15)             Temple (1/1) D:4            Lair (1/6) D:9
    Orc (0/2) D:9

Altars:
Ashenzari
Cheibriados
Dithmenos
Elyvilon
Gozag
Makhleb
Nemelex Xobeh
Okawaru
Ru
Sif Muna
Trog
Uskayaw
Vehumet
Wu Jian
Xom
Yredelemnul
Zin
The Shining One

Shops:
D:7 ?

Annotations:
D:9 1 runed translucent door, Jaiteiro's ghost, novice MiFi
Lair:1 exclusion: oklob plant


Innate Abilities, Weirdness & Mutations

You have razor-sharp teeth.
Your natural rate of healing is unusually fast.
When hurt, damage is shared between your health and your magic reserves.
Your bite disrupts and absorbs the magic of your enemies.
Potions cannot restore your health.
You are immune to rotting.


Message History

You are splashed with acid!
* * * LOW HITPOINT WARNING * * *
You hit the oklob plant. You burn the oklob plant. You bite the oklob plant!
You drain its power.
You feel invigorated.
The oklob plant is almost destroyed.
You hit the plant but do no damage.
Uskayaw will force your foes to helplessly watch your dance.
Uskayaw prepares the audience for your solo!
The helpless oklob plant fails to defend itself.
You hit the oklob plant but do no damage.
You bite the oklob plant, but do no damage.
The oklob plant is almost destroyed.
You hit the plant but do no damage.
You are feeling very hungry.
The oklob plant is no longer paralysed.
The oklob plant spits acid at you. The splash of acid hits you!
* * * LOW HITPOINT WARNING * * *
You are splashed with acid!
You die...

##...#⌠.....⌠..>.
#...+...........
#...##....###...
#.....#....####.
##.....#....##...
#........#...###.
##.......##....⌠.
####........##..)..
#P@.....##.#####.>.
#?%P....#### #.####
####....# #.#
##....#### #.#
#.....##.###.####
##...........##P#
#...............
#......PP.P.....
#.....P..P....P.


You could see an oklob plant.

Vanquished Creatures
  2 hydras
  2 two-headed ogres
  A spiny frog (Lair:1)
  3 komodo dragons
  A hornet (D:9)
  2 dream sheep (D:8)
  A hippogriff (Lair:1)
  8 yaks
  Sigmund (D:4)
  Eustachio (D:6)
  A shadow (D:9)
  2 basilisks
  A steam dragon (D:9)
  Edmund (D:5)
  2 water moccasins (Lair:1)
  2 porcupines (Lair:1)
  2 orc warriors (D:9)
  2 eyes of draining (D:5)
  A black bear (D:6)
  3 sky beasts
  2 phantoms
  4 ogres
  4 wolves (Lair:1)
  2 centaurs
  3 crocodiles (D:9)
  7 big kobolds
  6 bullfrogs
  Blork the orc (D:5)
  A gnoll sergeant (D:6)
  3 scorpions
  6 killer bees (D:7)
  2 howler monkeys
  2 crimson imps
  3 bullfrog zombies
  A quasit (D:9)
  6 hounds
  A centaur zombie (D:6)
  7 orc priests
  2 bullfrog skeletons
  7 iguanas
  11 orc wizards
  8 worker ants
  A hound skeleton (D:4)
  A worker ant zombie (D:5)
  9 gnolls
  A howler monkey skeleton (D:8)
  9 adders
  2 shadow imps (D:6)
  An ooze (D:6)
  4 worms
  3 dart slugs
  7 leopard geckos
  38 orcs
  8 giant cockroaches
  9 goblins
  9 hobgoblins
  6 jackals
  22 kobolds
  5 quokkas
  A ball python (D:3)
  10 bats
  7 frilled lizards
  A jackal skeleton (D:4)
  A leopard gecko skeleton (D:4)
  A quokka skeleton (D:6)
  9 rats
  A plant (Lair:1)
294 creatures vanquished.

Vanquished Creatures (others)
  A centaur (D:8)
  A kobold (D:9)
  3 fungi (D:9)
  4 plants (D:9)
9 creatures vanquished.

Grand Total: 303 creatures vanquished

Notes
Turn   | Place    | Note
-------+----------+-------------------------------------------
     0 | D:1      | Kairos the Vine Stalker Fighter began the quest for the
                  | Orb.
     0 | D:1      | Reached XP level 1. HP: 11/11 MP: 2/2
   191 | D:1      | Reached XP level 2. HP: 12/16 MP: 1/3
   369 | D:1      | Reached skill level 2 in Axes
   556 | D:1      | Reached XP level 3. HP: 15/19 MP: 4/4
  1130 | D:2      | Found a sparkling altar of Nemelex Xobeh.
  1260 | D:3      | Gained mutation: Your natural rate of healing is unusually
                  | fast. [Vine Stalker growth]
  1260 | D:3      | Reached XP level 4. HP: 17/24 MP: 3/5
  1511 | D:3      | Reached XP level 5. HP: 28/28 MP: 6/6
  1562 | D:3      | Reached skill level 3 in Axes
  1754 | D:3      | Found an ornate altar of the Wu Jian Council.
  2047 | D:4      | Found a staircase to the Ecumenical Temple.
  2058 | D:4      | Reached XP level 6. HP: 22/32 MP: 5/7
  2094 | Temple   | Entered the Ecumenical Temple
  2169 | Temple   | Became a worshipper of Uskayaw the Reveler
  2199 | D:4      | Reached * piety under Uskayaw
  2202 | D:4      | Reached skill level 4 in Axes
  2202 | D:4      | Reached skill level 1 in Dodging
  2221 | D:4      | Reached ** piety under Uskayaw
  2225 | D:4      | Reached *** piety under Uskayaw
  2290 | D:4      | Noticed Sigmund
  2296 | D:4      | Killed Sigmund
  2296 | D:4      | Reached XP level 7. HP: 23/36 MP: 5/8
  2345 | D:4      | Reached skill level 5 in Axes
  2428 | D:4      | Reached **** piety under Uskayaw
  2653 | D:5      | Entered Level 5 of the Dungeon
  2928 | D:5      | Noticed Edmund
  2945 | D:5      | Killed Edmund
  2945 | D:5      | Gained mutation: You have razor-sharp teeth. [Vine Stalker
                  | growth]
  2945 | D:5      | Reached XP level 8. HP: 20/42 MP: 7/9
  3016 | D:5      | Noticed Blork the orc
  3024 | D:5      | Killed Blork the orc
  3108 | D:5      | Found a bloodstained altar of Trog.
  3117 | D:5      | Reached skill level 6 in Axes
  3556 | D:5      | Reached skill level 1 in Stealth
  3759 | D:6      | Reached skill level 7 in Axes
  3759 | D:6      | Reached skill level 5 in Shields
  3830 | D:6      | Reached XP level 9. HP: 43/45 MP: 7/10
  4199 | D:6      | Reached ***** piety under Uskayaw
  4300 | D:6      | Noticed Eustachio
  4312 | D:6      | Killed Eustachio
  4320 | D:6      | Learned a level 3 spell: Confuse
  4432 | D:6      | Found a basalt altar of Yredelemnul.
  4740 | D:7      | Noticed a two-headed ogre
  4749 | D:7      | Killed a two-headed ogre
  4749 | D:7      | Reached skill level 8 in Axes
  4749 | D:7      | Reached skill level 5 in Armour
  4753 | D:7      | Found Qaowul's Magic Scroll Shop.
  4819 | D:7      | Reached XP level 10. HP: 31/51 MP: 7/11
  4821 | D:7      | Reached skill level 5 in Fighting
  5564 | D:7      | Bought a scroll of brand weapon for 260 gold pieces
  5564 | D:7      | Bought a scroll of fear for 45 gold pieces
  5622 | D:8      | Reached skill level 9 in Axes
  5632 | D:8      | Found a shadowy altar of Dithmenos.
  5879 | D:8      | Reached skill level 1 in Invocations
  5908 | D:8      | Noticed a two-headed hydra
  5912 | D:8      | Killed a one-headed hydra
  5912 | D:8      | Reached skill level 5 in Stealth
  6020 | D:8      | Found a glowing silver altar of Zin.
  6089 | D:8      | Found a sacrificial altar of Ru.
  6318 | D:9      | Reached skill level 10 in Axes
  6339 | D:9      | Found a staircase to the Orcish Mines.
  6384 | D:9      | Reached ****** piety under Uskayaw
  6386 | D:9      | Reached XP level 11. HP: 39/56 MP: 11/13
  6431 | D:9      | Found a shattered altar of Ashenzari.
  6568 | D:9      | Noticed a two-headed ogre
  6600 | D:9      | Killed a two-headed ogre
  6652 | D:9      | Found a staircase to the Lair.
  6788 | D:9      | Found an iron altar of Okawaru.
  7004 | D:9      | Found an iron altar of Okawaru.
  7035 | D:9      | Found a runed translucent door.
  7037 | D:9      | Identified the +1 trident of Evil {pain, SInv}
  7042 | D:9      | Noticed Jaiteiro's ghost (novice MiFi)
  7128 | D:9      | Found a radiant altar of Vehumet.
  7132 | D:9      | Found a bloodstained altar of Trog.
  7153 | D:9      | Found a burning altar of Makhleb.
  7350 | Lair:1   | Entered Level 1 of the Lair of Beasts
  7424 | Lair:1   | Noticed an oklob plant
  7547 | Lair:1   | Noticed a four-headed hydra
  7553 | Lair:1   | Killed a one-headed hydra
  7841 | Lair:1   | Got an encrusted leather armour
  7852 | Lair:1   | Identified the +1 leather armour of Shielding {+Fly rF+ MR-
                  | Int+4} (You found it on level 1 of the Lair of Beasts)
  8218 | Lair:1   | Splashed by an oklob plant's acid

Skill      XL: |  1  2  3  4  5  6  7  8  9 10 11 |
---------------+----------------------------------+-----
Axes           | 2 3 4 5 7 8 10 | 10.9
Fighting       | 3 4 5 |  5.8
Shields        | 3 4 5 6 7 |  7.1
Armour         | 3 4 5 |  5.9
Dodging        | 1 2 3 |  3.1
Stealth        | 1 3 5 8 |  8.4
Invocations    | 2 4 |  4.3
Spellcasting   | |  0.8

Action                   |  1- 3 |  4- 6 |  7- 9 | 10-12 || total
-------------------------+-------+-------+-------+-------++-------
Melee: War axe           |   135 |   146 |   277 |    63 ||   621
       Bite              |    26 |    47 |   101 |   139 ||   313
       Hand axe          |       |       |       |   325 ||   325
Evoke: Wand              |       |       |       |     1 ||     1
  Use: Scroll            |     2 |       |     1 |     9 ||    12
       Potion            |       |       |     1 |     1 ||     2
 Stab: Paralysed         |       |       |    10 |    40 ||    50
       Sleeping          |       |       |       |     4 ||     4
  Eat: Chunk             |     1 |     4 |     9 |    10 ||    24
Armor: Scale mail        |    62 |    39 |    63 |    47 ||   211
       Leather armour    |       |       |       |     3 ||     3
Dodge: Dodged            |    25 |    47 |    55 |    85 ||   212
Block: Shield            |    97 |    95 |   186 |   238 ||   616
       Reflection        |       |       |     6 |    15 ||    21
